AoeStats
← 一剑扫秋风nelson

Nomad

504678984Analyzed
4v4 RM · 26d ago on Sep 6, 2026· 33m 58s· 8 players
Game mode
Random Map
Map size
231×231
Population
200
Speed
Normal
Resources
Standard
Victory
Conquest
Starting age
Dark Age
Ending age
Imperial Age
RankedLock teamsTeams togetherTeam positionsShared explorationLock speedFull tech treeHidden civsTurbo modeCheats
Victory
Defeat
🇨🇳 Mapuche · China
1902
+4
🇻🇳 Spanish · Vietnam
1752
+8
🇨🇿 Persians · Czechia
1708
+10
🇹🇼 Portuguese · Taiwan
1549
+15
1624
-12
🇨🇳 Italians · China
1565
-9
🇨🇳 Spanish · China
1547
-8
🇻🇳 Vietnamese · Vietnam
1526
-8
KDA HDT
4:55 Loom
13:34 Feudal Age
17:11 Castle Age
16:45 Double-Bit Axe
17:15 Gold Mining
22:18 Bow Saw
23:15 Padded Archer Armor
23:42 Medium Warships
23:52 Horse Collar
29:19 Wheelbarrow
Christheco
6:30 Loom
11:51 Feudal Age
15:55 Castle Age
14:06 Horse Collar
14:40 Double-Bit Axe
18:20 Bow Saw
19:20 Loom
20:15 Fishing Lines
21:17 Heavy Plow
21:43 Gillnets
23:33 Wheelbarrow
23:40 Scale Barding Armor
23:45 Forging
24:01 Gold Mining
25:07 Forging
26:29 Bloodlines
29:55 Imperial Age
28:12 Chain Barding Armor
27:55 Husbandry
29:22 Iron Casting
29:55 Hand Cart
29:53 Cavalier
30:55 Town Watch
31:59 Plate Barding Armor
一剑扫秋风nelson
5:48 Loom
15:17 Feudal Age
19:24 Castle Age
18:56 Double-Bit Axe
20:58 Fletching
22:14 Horse Collar
27:47 Elite Skirmisher
28:24 Town Watch
30:15 Bodkin Arrow
31:15 Bodkin Arrow
33:08 Ballistics
32:49 Padded Archer Armor
34:03 Wheelbarrow
頭鐵投石機
4:20 Loom
16:04 Feudal Age
17:23 Stone Mining
17:19 Double-Bit Axe
17:27 Gold Mining
18:23 Town Watch
19:14 Wheelbarrow
21:36 Fletching
25:46 Castle Age
29:18 Bow Saw
30:20 Horse Collar
YYQ
5:19 Loom
13:42 Feudal Age
18:03 Castle Age
16:18 Double-Bit Axe
19:30 Bow Saw
19:01 Fishing Lines
20:25 Gold Mining
21:27 Horse Collar
25:31 Wheelbarrow
31:51 Imperial Age
29:36 Padded Archer Armor
29:31 Town Watch
31:17 Leather Archer Armor
32:52 Bloodlines
34:43 Ballistics
Viet Nam Strategy
8:54 Loom
13:57 Feudal Age
17:59 Castle Age
16:02 Double-Bit Axe
16:42 Gold Mining
16:56 Fletching
18:38 Bodkin Arrow
23:14 Padded Archer Armor
极限人机夏天九号
5:58 Loom
14:08 Feudal Age
17:29 Castle Age
16:01 Double-Bit Axe
18:19 Bow Saw
18:09 Fletching
18:37 Gold Mining
18:52 Town Watch
20:45 Bodkin Arrow
22:18 Padded Archer Armor
24:44 Horse Collar
26:35 Bloodlines
28:06 Parthian Tactics
28:36 Wheelbarrow
28:29 Ballistics
28:27 Leather Archer Armor
29:04 Scale Barding Armor
29:50 Husbandry
我也要有心啊
6:15 Loom
14:08 Feudal Age
14:55 Town Watch
18:28 Castle Age
20:58 Double-Bit Axe
27:07 Horse Collar
Connection lost

Rejoining the realm…

Still unreachable

The connection could not be restored.

Session expired

The server has moved on; the page needs a fresh start.